 Dungeon Crawl Stone Soup version 0.30.0-19-g36f170ea60 (webtiles) character file.

Game seed: 1320646792194873731

2068 RascalDebosk the Magician (level 9, -7/63 HPs)
             Began as a Djinni Conjurer on May 29, 2023.
             Was an Initiate of Ashenzari.
             Shot with an arrow by a centaur warrior (11 damage)
             ... on level 7 of the Dungeon.
             The game lasted 00:31:07 (5914 turns).

RascalDebosk the Magician (Djinni Conjurer)         Turns: 5914, Time: 00:31:07

Health: -7/63      AC:  2    Str:  6    XL:     9   Next: 50%
Gold:   220        EV: 12    Int: 25    God:    Ashenzari [......] SH:  0 Dex: 11

rFire   + + .        z - +2 short sword (venom)
rCold   x . .        (no shield)
rNeg    . . .        a - +0 robe
rPois   ∞            (no helmet)
rElec   .            (no cloak)
rCorr   .            (no gloves)
SInv    .            (boots unavailable)
Will    .....        (no amulet)
Stlth   ++           (no ring)
HPRegen 0.30/turn    (no ring)
MPRegen 0.00/turn

%: infuse magic (-8 HP)
@: flying
A: sickness immunity, fire resistance 2, cold vulnerability 1, float, innate
caster, HP casting, extra vitality 1
a: Renounce Religion, Curse Item


You were on level 7 of the Dungeon.
You worshipped Ashenzari.
Ashenzari was noncommittal.
You visited 2 branches of the dungeon, and saw 8 of its levels.

You collected 326 gold pieces.
You spent 106 gold pieces at shops.

Inventory:

Hand Weapons
 y - a +0 vampiric dagger
 z - a +2 short sword of venom (weapon)
Armour
 a - a +0 robe (worn)
Jewellery
 m - a ring of positive energy
Wands
 d - a wand of flame (12)
 o - a wand of mindburst (14)
 r - a wand of acid (8)
 w - a wand of paralysis (7)
Scrolls
 c - 2 scrolls of magic mapping {unknown}
 e - a scroll of fog {unknown}
 f - a scroll of enchant armour {unknown}
 h - a scroll of immolation {unknown}
 i - 5 scrolls of identify
 k - a scroll of torment {unknown}
 n - a scroll of vulnerability {unknown}
 s - 2 scrolls of enchant weapon {unknown}
 t - 2 scrolls of teleportation
 v - a scroll of silence {unknown}
 A - a scroll of amnesia {unknown}
Potions
 b - 3 potions of curing
 g - 3 potions of mutation {unknown}
 j - 2 potions of attraction {unknown}
 l - a potion of haste
 p - 2 potions of degeneration {unknown}
 q - 3 potions of heal wounds
 u - 3 potions of brilliance {unknown}
 x - a potion of might {unknown}


   Skills:
 + Level 4.6 Fighting
 - Level 4.0 Armour
 - Level 2.1 Dodging
 - Level 1.5 Stealth
 - Level 4.0 Shields
 * Level 7.0 Spellcasting
 - Level 4.0 Evocations


You knew the following spells:

 Your Spells              Type           Power      Damage    Failure   Level
a - Magic Dart            Conj           100%       1d8       1%          1
b - Searing Ray           Conj           86%        2d7       1%          2
c - Dazzling Flash        Conj/Hex       86%        N/A       1%          3
d - Fulminant Prism       Conj/Hex       21%        3d12      3%          4
e - Iskenderun's Mystic   Conj/Tloc      43%        2d10      3%          4
f - Apportation           Tloc           86%        N/A       1%          1
g - Passwall              Tmut/Erth      35%        N/A       1%          2
h - Ensorcelled Hibernat  Hex/Ice        86%        N/A       1%          2
i - Airstrike             Air            21%        2d(4-20)  3%          4
Your spell library was empty.

Dungeon Overview and Level Annotations

Branches:
Dungeon (7/15)             Temple (1/1) D:6

Altars:
Ashenzari
Dithmenos
Elyvilon
Hepliaklqana
Makhleb
Okawaru
Qazlal
Ru
Trog
Wu Jian
Yredelemnul
Zin
The Shining One
Lugonu

Shops:
D:4 [   D:6 *

Annotations:
D:6 2 transporters


Innate Abilities, Weirdness & Mutations

You are immune to sickness and miasma.
You are immune to poison.
Your flesh is very heat resistant. (rF++)
You are vulnerable to cold. (rC-)
You float through the air rather than walking.
You learn spells naturally, not from books.
Your magical power is your life essence.
You have superior vitality. (+4 MHP)


Message History

The mystic blast hits the killer bee.
The killer bee is heavily wounded.
The killer bee is knocked back by the mystic blast.
You hear an angry buzzing noise.
A killer bee comes into view.
Casting: Iskenderun's Mystic Blast (dangerous; 4% risk of failure)
Confirm with . or Enter, or press ? or * to list all spells.
You erupt in a blast of force!
The mystic blast hits the black bear.
The black bear is lightly wounded.
The black bear is knocked back by the mystic blast.
The black bear collides with the wight!
The wight is severely damaged.
The black bear is moderately wounded.
You hear an angry buzzing noise.
A shadow imp comes into view.
Casting: Iskenderun's Mystic Blast (dangerous; 4% risk of failure)
Confirm with . or Enter, or press ? or * to list all spells.
You erupt in a blast of force!
The mystic blast hits the black bear!
The black bear is severely wounded.
The black bear is knocked back by the mystic blast.
The black bear collides with the shadow imp!
The shadow imp shouts, "Scamper home, thou fawning fool-headed canker-blossom!"
The shadow imp is moderately wounded.
The black bear is severely wounded.
The mystic blast hits the killer bee!
The killer bee is almost dead.
The killer bee is knocked back by the mystic blast.
The killer bee collides with the wight!
You kill the killer bee!
The mystic blast hits the killer bee!!
You kill the killer bee!
You hear an angry buzzing noise. x2; You hear a shout!
Casting: Iskenderun's Mystic Blast (dangerous; 4% risk of failure)
Confirm with . or Enter, or press ? or * to list all spells.
You erupt in a blast of force!
The mystic blast hits the black bear!
You kill the black bear!
The mystic blast hits the wight.
The wight is moderately damaged.
The wight is knocked back by the mystic blast.
The wight collides with the killer bee!
The killer bee is moderately wounded.
The mystic blast hits the wight!
You destroy the wight!
* * * LOW HITPOINT WARNING * * *
Casting: Iskenderun's Mystic Blast (dangerous; 4% risk of failure)
Confirm with . or Enter, or press ? or * to list all spells.
You erupt in a blast of force!
The mystic blast hits the wight!
The wight is almost destroyed.
The wight is knocked back by the mystic blast.
The wight collides with the killer bee!
The killer bee is heavily wounded.
You destroy the wight!
The mystic blast hits the shadow imp.
The shadow imp is severely wounded.
The shadow imp is knocked back by the mystic blast.
* * * LOW HITPOINT WARNING * * *
You hear a shout!
Casting: Iskenderun's Mystic Blast (dangerous; 4% risk of failure)
Confirm with . or Enter, or press ? or * to list all spells.
You erupt in a blast of force!
The mystic blast hits the wight.
The wight is moderately damaged.
The wight is knocked back by the mystic blast.
The wight collides with the shadow imp!
You kill the shadow imp!
The wight is almost destroyed.
The mystic blast hits the killer bee!
You kill the killer bee!
* * * LOW HITPOINT WARNING * * *
Casting: Iskenderun's Mystic Blast (dangerous; 3% risk of failure)
Confirm with . or Enter, or press ? or * to list all spells.
You can't see any susceptible monsters within range! (Use Z to cast anyway.)
Casting: Iskenderun's Mystic Blast (dangerous; 3% risk of failure)
Confirm with . or Enter, or press ? or * to list all spells.
Aiming: Searing Ray (safe; 1% risk of failure)
Press: ? - help, Shift-Dir - straight line, f - wight
Aim: a wight, wielding a +3 long sword and wearing a +0 robe (almost destroyed, 82% to hit)
The searing ray hits the wight but does no damage.
The wight is almost destroyed. (Press . to maintain the ray.)
* * * LOW HITPOINT WARNING * * *
The searing ray hits the wight but does no damage.
The wight is almost destroyed.
* * * LOW HITPOINT WARNING * * *
A troll comes into view.
A centaur warrior comes into view.
Casting: Searing Ray (safe; 1% risk of failure)
Confirm with . or Enter, or press ? or * to list all spells.
You erupt in a blast of force!
The mystic blast hits the wight!
You destroy the wight!
The mystic blast hits the troll!
The troll is moderately wounded.
The troll is knocked back by the mystic blast.
* * * LOW HITPOINT WARNING * * *
You hear an angry buzzing noise.
Your Spellcasting skill increases to level 7!
The centaur warrior wields a +0 longbow.
The centaur warrior shoots an arrow.
The arrow hits you!
* * * LOW HITPOINT WARNING * * *
There is a stone staircase leading up here.
The centaur warrior shoots an arrow.
The arrow hits you!
You die...

#.# #.# #.#
#.. #.# ..#
#.##.# #.
#.#)#....
##.)†.#
#..#
..######..#
......T@..#
..........#
#####.#####
..c ..#. #.
## #


You could see a centaur warrior and a troll.

Vanquished Creatures
  Pikel (D:6)
  Menkaure (D:5)
  A sky beast (D:7)
  2 black bears
  2 lemures (D:6)
  A bullfrog (D:6)
  A scorpion (D:5)
  4 wights (D:7)
  4 killer bees (D:7)
  A hound (D:6)
  A jelly (D:5)
  An orc priest (D:5)
  2 gnoll boudas
  4 iguanas
  7 orc wizards
  5 adders
  12 gnolls
  A shadow imp (D:7)
  2 white imps
  An ufetubus (D:5)
  A worm (D:5)
  23 orcs
  3 ball pythons
  3 endoplasms (D:1)
  3 giant cockroaches (D:1)
  9 goblins
  9 hobgoblins
  2 quokkas
  8 bats
  2 frilled lizards
  7 kobolds
  10 rats
134 creatures vanquished.

Vanquished Creatures (others)
  An orc (D:5)
  A quokka (D:5)
  11 fulminant prisms
13 creatures vanquished.

Grand Total: 147 creatures vanquished

Notes
Turn   | Place    | Note
-------+----------+-------------------------------------------
     0 | D:1      | RascalDebosk the Djinni Conjurer began the quest for the
                  | Orb.
     0 | D:1      | RascalDebosk set off with the following spells memorised:
                  | Magic Dart, Searing Ray, Dazzling Flash, Fulminant Prism,
                  | Iskenderun's Mystic Blast.
     0 | D:1      | Reached XP level 1. HP: 15/15 MP: 0/0
   105 | D:1      | Reached XP level 2. HP: 20/21 MP: 0/0
   318 | D:1      | Reached XP level 3. HP: 23/25 MP: 0/0
   318 | D:1      | Learned a level 1 spell: Apportation
   454 | D:1      | Reached skill level 4 in Spellcasting
   964 | D:2      | Reached XP level 4. HP: 18/31 MP: 0/0
  1858 | D:3      | Reached XP level 5. HP: 34/35 MP: 0/0
  1858 | D:3      | Learned a level 2 spell: Passwall
  2028 | D:3      | Reached skill level 1 in Armour
  2028 | D:3      | Reached skill level 1 in Shields
  2165 | D:3      | Reached skill level 1 in Fighting
  2165 | D:3      | Reached skill level 1 in Evocations
  2170 | D:3      | Reached XP level 6. HP: 25/42 MP: 0/0
  2299 | D:3      | Found a faded altar of an unknown god.
  2851 | D:4      | Found Fojutzim's Antique Armour Shoppe.
  3030 | D:4      | Found an iron altar of Okawaru.
  3041 | D:4      | Found a sacrificial altar of Ru.
  3257 | D:4      | Found a broken altar of Ashenzari.
  3292 | D:4      | Became a worshipper of Ashenzari the Shackled
  3363 | D:4      | Reached skill level 5 in Spellcasting
  3575 | D:5      | Entered Level 5 of the Dungeon
  3597 | D:5      | Reached XP level 7. HP: 38/48 MP: 0/0
  3597 | D:5      | Learned a level 2 spell: Ensorcelled Hibernation
  3617 | D:5      | Noticed Menkaure
  3623 | D:5      | Killed Menkaure
  4149 | D:5      | Found a white marble altar of Elyvilon.
  4328 | D:5      | Reached XP level 8. HP: 47/55 MP: 0/0
  4733 | D:6      | Found an ornate altar of the Wu Jian Council.
  4733 | D:6      | Noticed a white ugly thing
  4734 | D:6      | Noticed a wraith
  4734 | D:6      | Noticed a yak
  4747 | D:6      | Found a transporter.
  4756 | D:6      | Found a transporter.
  4806 | D:6      | Found Jewkyhot's General Store.
  4806 | D:6      | Found Loull's Specific Store.
  4815 | D:6      | Bought a scroll of teleportation for 30 gold pieces
  4815 | D:6      | Bought a potion of heal wounds for 50 gold pieces
  4819 | D:6      | Bought a scroll of identify for 26 gold pieces
  4882 | D:6      | Noticed Pikel
  4894 | D:6      | Killed Pikel
  4895 | D:6      | Reached skill level 6 in Spellcasting
  5143 | D:6      | Reached XP level 9. HP: 39/61 MP: 0/0
  5143 | D:6      | Learned a level 4 spell: Airstrike
  5383 | D:6      | Found a staircase to the Ecumenical Temple.
  5396 | Temple   | Entered the Ecumenical Temple
  5911 | D:7      | Noticed a troll
  5911 | D:7      | Noticed a centaur warrior
  5913 | D:7      | Reached skill level 7 in Spellcasting
  5913 | D:7      | HP: 3/63 [centaur warrior/arrow (13)]
  5914 | D:7      | Shot with an arrow by a centaur warrior

Illustrated notes

Levels and vault maps discovered:
D:1:      dpeg_arrival_subterranean_lakeside_camping, layout_loops_ring
D:2:      layout_basic, st_stairs_8, hangedman_glass_teeth
D:3:      layout_basic, shapermc_ecumenical_altar_ellora
D:4:      layout_loops_ring, mainiacjoe_overflow_brackets,
          okawaru_metal_pillars_3, evilmike_ruin_ashenzari, serial_shops, shop
D:5:      layout_gridville, elyvilon_altar_4, uniq_menkaure
D:6:      layout_basic, gammafunk_temple_overflow_arena,
          minmay_temple_entry_trees, hangedman_decor_points,
          nicolae_specific_store, uniq_pikel
D:7:      minmay_the_grid_plus [minmay_the_grid_diamond_grid,
          minmay_the_grid_eight, minmay_the_grid_zigzag_pyramid,
          minmay_the_grid_minigrid_medium, minmay_the_grid_prize_inner_circle],
          layout_basic, grunt_temple_overflow_opulence,
          mainiacjoe_overflow_catwalk, serial_shops, kennysheep_mini,
          minmay_chambers_of_fives, uniq_prince_ribbit1
Temple:   corrupted_temple

Skill      XL: |  1  2  3  4  5  6  7  8  9 |
---------------+----------------------------+-----
Spellcasting   | 4 5 6 7 |  7.0
Armour         | 1 2 3 4 |  4.0
Shields        | 1 2 3 4 |  4.0
Fighting       | 1 2 3 4 |  4.6
Evocations     | 1 2 3 4 |  4.0
Dodging        | |  2.1
Stealth        | |  1.5

Action                     |  1- 3 |  4- 6 |  7- 9 || total
---------------------------+-------+-------+-------++-------
  Melee: Dagger            |       |     3 |    17 ||    20
   Cast: Magic Dart        |    72 |    64 |    69 ||   205
         Searing Ray       |     1 |    11 |     7 ||    19
         Apportation       |     1 |       |       ||     1
         Iskenderun's Myst |       |     4 |    26 ||    30
         Fulminant Prism   |       |     3 |     8 ||    11
         Ensorcelled Hiber |       |       |     6 ||     6
         Airstrike         |       |       |     5 ||     5
   Stab: Sleeping          |       |       |     3 ||     3
 Armour: Robe              |     3 |     2 |     1 ||     6
  Dodge: Dodged            |     5 |     9 |    13 ||    27
